 Dungeon Crawl Stone Soup version 0.31-a0-424-g41b3b0883d (webtiles) character file.

Game seed: 8685675230279243311

396 Ethylacetat the Insei (level 6, 0/42 HPs)
             Began as an Octopode Shapeshifter on July 30, 2023.
             Slain by a lemure (9 damage)
             ... led by Pikel
             ... on level 3 of the Dungeon.
             The game lasted 00:04:33 (2190 turns).

Ethylacetat the Insei (Octopode Shapeshifter)       Turns: 2190, Time: 00:04:34

Health: 0/42       AC:  1    Str: 14    XL:     6   Next: 83%
Magic:  6/6        EV: 14    Int: 11    God:
Gold:   199        SH:  0    Dex: 14    Spells: 5/5 levels left

rFire   . .          .
                       - Unarmed
rCold   . . .        (no shield)
rNeg    . . .        (helmet currently unavailable)
rPois   +            (no amulet)
rElec   .            l - ring of poison resistance
rCorr   .            (no ring)
SInv    .            (no ring)
Will    .....        (no ring)
Stlth   ++           (no ring)
HPRegen 0.27/turn    (no ring)
MPRegen 0.10/turn    (no ring)
                     (no ring)

%: no passive effects
@: beast-form
A: beast (slay +2), almost no armour, amphibious, 8 rings, camouflage 1,
gelatinous body 1, (nimble swimmer 1), tentacles
a: Begin Untransformation


You were on level 3 of the Dungeon.
You were a hulking beast.
You visited 1 branch of the dungeon, and saw 4 of its levels.

You collected 199 gold pieces.

Inventory:

Jewellery
 l - a ring of poison resistance (left tentacle)
Talismans
 b - a beast talisman (active)
Scrolls
 d - 2 scrolls of teleportation {unknown}
 e - 2 scrolls of blinking {unknown}
 f - 6 scrolls of identify {unknown}
 i - a scroll of revelation {unknown}
 j - a scroll of butterflies {unknown}
 m - a scroll of fog {unknown}
Potions
 a - a potion of lignification
 c - 3 potions of degeneration {unknown}
 g - 2 potions of enlightenment {unknown}
 h - 5 potions of curing {unknown}
 k - a potion of brilliance {unknown}


   Skills:
 + Level 3.4 Fighting
 + Level 3.9 Dodging
 + Level 4.4 Unarmed Combat
 + Level 4.0 Shapeshifting


You had 5 spell levels left.
You didn't know any spells.
Your spell library contained the following spells:

 Spells                   Type           Power      Damage    Failure   Level
 Sandblast                Erth           0%         2d4       34%         1
 Passwall                 Tmut/Erth      0%         N/A       47%         2
 Stone Arrow              Conj/Erth      0%         3d7       71%         3


Dungeon Overview and Level Annotations

Branches:
Dungeon (4/15)
 Temple: D:4-7

Altars:
Cheibriados
Hepliaklqana
Wu Jian

Shops:
D:3 *

Annotations:
D:4 Pikel


Innate Abilities, Weirdness & Mutations

You are a hulking beast.
Your limbs bulge with bestial killing power. (Slay +2)
You cannot wear most types of armour.
You are amphibious.
You can wear up to eight rings at the same time.
Your skin changes colour to match your surroundings (Stealth+).
Your rubbery body absorbs attacks. (AC +1, EV +1)
((You are camouflaged when in or above water. (Stealth+)))
You have tentacles for arms and can constrict up to eight enemies at once.


Message History

You tentacle-slap the lemure. You squeeze the lemure!
The lemure is heavily wounded.
You constrict the lemure. The lemure barely misses you.
You tentacle-slap the lemure. You squeeze the lemure.
The lemure is almost dead.
You constrict the lemure, but do no damage.
The lemure closely misses you.
You tentacle-slap the lemure.
You kill the lemure!
That felt strangely unrewarding.
You can't go up here!
You climb downwards.
Level annotation: Pikel The lemure hits you!
There is a stone staircase leading up here.
The lemure hits you. The lemure closely misses you.
You climb upwards.
There is a stone staircase leading down here.
You closely miss the lemure. You grab the lemure. You constrict the lemure.
The lemure misses you. The lemure hits you!
You tentacle-slap the lemure. You squeeze the lemure!
The lemure is moderately wounded.
You constrict the lemure. The lemure hits you but does no damage.
The lemure hits you.
You tentacle-slap the lemure.
The lemure is severely wounded.
You constrict the lemure. The lemure hits you. x2
* * * LOW HITPOINT WARNING * * *
You tentacle-slap the lemure but do no damage.
The lemure is severely wounded.
You constrict the lemure, but do no damage.
The lemure barely misses you. The lemure misses you.
You tentacle-slap the lemure.
The lemure is severely wounded.
You constrict the lemure. The lemure misses you.
The lemure hits you but does no damage.
You tentacle-slap the lemure. You squeeze the lemure.
You kill the lemure!
That felt strangely unrewarding.
The lemure hits you!
You die...

#.#...#.#.###.## ####...#####...#
#(##...#.....## #............
............#########...#####...#
#######........................##
# #.##.#####.#########.##### #
####.##.## #.# #.###### #
#........# #.# ###....##. #
#.##.##..# #5# #......##. #
#.##.##..# #h# #####......##. #
#.##.#...## #.###......_...... #
#.##..###.###.....##......###.
####.##.## ##.##.######......# #.
.......## ##.#.# #....### #.
.....#.# #...#########.# #.
###..#.## ##.......# ##.# ##.
###..##.## ##..####### #..# #.#
.........###.#.# #.## #.#


You could see a lemure.

Vanquished Creatures
  Sigmund (D:2)
  3 lemures
  An orc priest (D:3)
  A jelly (D:3)
  Jessica (D:2)
  2 orc wizards
  2 worms (D:2)
  3 dart slugs (D:3)
  4 orcs (D:3)
  6 ball pythons
  12 endoplasms
  3 giant cockroaches
  4 hobgoblins
  7 jackals
  5 quokkas
  11 bats
  A frilled lizard (D:1)
  5 goblins
  4 kobolds
  5 rats
81 creatures vanquished.

Notes
Turn   | Place    | Note
-------+----------+-------------------------------------------
     0 | D:1      | Ethylacetat the Octopode Shapeshifter began the quest for
                  | the Orb.
     0 | D:1      | Reached XP level 1. HP: 13/13 MP: 1/1
   107 | D:1      | Reached XP level 2. HP: 18/18 MP: 2/2
   208 | D:1      | Reached XP level 3. HP: 22/23 MP: 3/3
   533 | D:2      | Noticed Sigmund
   544 | D:2      | Killed Sigmund
   545 | D:2      | Reached XP level 4. HP: 30/30 MP: 4/4
   545 | D:2      | Reached XP level 5. HP: 35/35 MP: 5/5
   589 | D:2      | You fall into a shaft and drop 1 floor!
   589 | D:3      | Found an ornate altar of the Wu Jian Council.
   618 | D:3      | Found Wets's Assorted Antiques.
   693 | D:3      | Found a snail-covered altar of Cheibriados.
   751 | D:3      | Reached XP level 6. HP: 41/41 MP: 6/6
  1345 | D:4      | Noticed Pikel
  1728 | D:2      | Found a faded altar of an unknown god.
  1735 | D:2      | Noticed Jessica
  1746 | D:2      | Killed Jessica
  1906 | D:2      | Found a hazy altar of Hepliaklqana.
  2190 | D:3      | Slain by a lemure

Illustrated notes

Levels and vault maps discovered:
D:1:      heliophobic_arrival_enchanted_forest, layout_rooms,
          minmay_pentomino_q2
D:2:      layout_basic, dreamdust_ecumenical_altar_grove, basic_altar,
          serial_park_tiny_2, uniq_jessica, uniq_sigmund
D:3:      layout_loops_ring, amcnicky_altar_gilded,
          nicolae_overflow_crystal_walls, serial_shops,
          nicolae_shop_tiny_statue_garden
D:4:      layout_rooms, general_overflow_altar, uniq_natasha, uniq_pikel,
          uniq_blork_the_orc

Skill      XL: |  1  2  3  4  5  6 |
---------------+-------------------+-----
Fighting       | 2 3 |  3.4
Dodging        | 3 |  3.9
Unarmed Combat | 4 |  4.4
Shapeshifting  | 4 |  4.0

Action                     |  1- 3 |  4- 6 || total
---------------------------+-------+-------++-------
  Melee: Unarmed           |    74 |    92 ||   166
         Constrict         |    17 |    27 ||    44
         Tentacles         |    15 |    23 ||    38
         Punch             |       |     6 ||     6
   Stab: Sleeping          |     3 |     5 ||     8
 Armour: Skin              |    15 |    10 ||    25
  Dodge: Dodged            |    39 |    57 ||    96

Table legend: (Time is in decaauts)
 A = Elapsed time spent in this place.
 B = Non-inter-level travel time spent in this place.
 C = Inter-level travel time spent in this place.
 D = Time resting spent in this place.
 E = Time spent auto-exploring this place.
 F = Levels seen in this place.
 G = Mean time per level.
                   A        B        C        D        E       F      G
               +--------+--------+--------+--------+--------+-----+--------+
         Total |   2180 |   2062 |    118 |    100 |   1500 |   4 |  545.0 |
       Dungeon |   2180 |   2062 |    118 |    100 |   1500 |   4 |  545.0 |
               +--------+--------+--------+--------+--------+-----+--------+

Top non-repeatable levels by time:
     D:3: 913 daAuts
     D:2: 715 daAuts
     D:1: 516 daAuts
     D:4: 35 daAuts
